 Dungeon Crawl Stone Soup version 0.20-a0-972-gb9bd3e6 (webtiles) character file.

1329 nikopol the Magician (level 8, -10/41 HPs)
             Began as a Deep Elf Fire Elementalist on Apr 9, 2017.
             Was a Priest of Vehumet.
             Killed from afar by Ijyb (19 damage)
             ... with a wand of acid (?/15)
             ... on level 5 of the Dungeon.
             The game lasted 00:29:53 (6307 turns).

nikopol the Magician (Deep Elf Fire Elementalist)   Turns: 6307, Time: 00:29:54

Health: -10/41     AC:  0    Str:  5    XL:     8   Next: 34%
Magic:  13/21      EV: 16    Int: 23    God:    Vehumet [***...]
Gold:   237        SH:  0    Dex: 21    Spells: 7/22 levels left

rFire    . . .     SeeInvis .   h - +0 dagger
rCold    . . .     Gourm    .   (no shield)
rNeg     . . .     Faith    .   a - +0 robe
rPois    .         Spirit   .   x - +0 helmet
rElec    .         Reflect  .   (no cloak)
rCorr    .         Harm     .   t - +0 pair of gloves
MR       .....                  (no boots)
Stlth    +++.......             (no amulet)
Regen    0.2/turn               w - +6 ring of dexterity
MPRegen  0.2/turn               v - ring of wizardry

@: corroded
A: no striking features
a: Renounce Religion


You were on level 5 of the Dungeon.
You worshipped Vehumet.
Vehumet was most pleased with you.
You were not hungry.

You visited 1 branch of the dungeon, and saw 5 of its levels.

You collected 237 gold pieces.

Inventory:

Hand Weapons
 h - a +0 dagger (weapon)
Armour
 a - a +0 robe (worn)
 i - a +0 pair of gloves
 t - a +0 pair of gloves (worn)
 x - a +0 helmet (worn)
Jewellery
 e - an uncursed ring of flight
 v - a ring of wizardry (right hand)
 w - a +6 ring of dexterity (left hand)
Scrolls
 d - a scroll of remove curse
 n - a scroll of identify
 q - a scroll of teleportation
Potions
 p - a potion of lignification {unknown}
 r - a potion of ambrosia {unknown}
 s - 2 potions of brilliance
 u - a potion of agility {unknown}
 z - a potion of haste {unknown}
 C - a potion of curing {unknown}
Books
 b - a book of Flames

   Spells                             Type                      Level
   a - Flame Tongue                   Conjuration/Fire             1
   b - Throw Flame                    Conjuration/Fire             2
   c - Conjure Flame                  Conjuration/Fire             3
   d - Inner Flame                    Hexes/Fire                   3
   e - Sticky Flame                   Conjuration/Fire             4
   f - Fireball                       Conjuration/Fire             5
 A - Jessica's Tome of Protection
   (You found it on level 3 of the Dungeon)

   Spells                             Type                      Level
   a - Shroud of Golubria             Charms/Translocation         2
Comestibles
 c - 3 bread rations
 f - 4 meat rations
 j - 2 royal jellies
 B - 3 fruits


   Skills:
 + Level 2.6 Armour
 + Level 5.5 Dodging
 - Level 2.7 Stealth
 * Level 7.9 Spellcasting
 + Level 3.5 Conjurations
 * Level 6.8 Fire Magic


You had 7 spell levels left.
You knew the following spells:

 Your Spells              Type           Power        Failure   Level  Hunger
a - Flame Tongue          Conj/Fire      ####.        1%          1    None
b - Throw Flame           Conj/Fire      ####..       1%          2    None
c - Conjure Flame         Conj/Fire      ####....     1%          3    None
d - Throw Frost           Conj/Ice       ###...       1%          2    None
e - Fireball              Conj/Fire      ####......   3%          5    #####..
f - Searing Ray           Conj           ####..       1%          2    None


Dungeon Overview and Level Annotations

Branches:
Dungeon (5/15)
 Temple: D:4-7

Altars:
Cheibriados
Dithmenos
Nemelex Xobeh
Qazlal
Vehumet
The Shining One

Annotations:
D:5 Ijyb


Message History

Aiming: Flame Tongue
Press: ? - help, Shift-Dir - straight line, f/p - Ijyb
Aim: Ijyb, wielding a club, wearing a shiny scale mail and carrying a wand of acid (?/15) {zapped: 1} (heavily wounded)
The flame tongue hits Ijyb.
Ijyb resists.
Ijyb is heavily wounded.
Ijyb barely misses you.
There is an open door here.
Ijyb zaps a wand.
The bolt of acid hits you!
You are splashed with acid!
The acid burns!
Ijyb screams, "Me kill you!"
Ijyb zaps a wand.
The bolt of acid hits you! The acid corrodes you!
You are splashed with acid!
The acid burns!
* * * LOW HITPOINT WARNING * * *
You see here an arrow.
Ijyb screams, "Me stronger than you!"
You see here an arrow.
Ijyb grins evilly.
Ijyb zaps a wand.
The bolt of acid misses you.
Ijyb zaps a wand.
The bolt of acid hits you!
You die...

.# #.........# .#
#.........# .)#####
#......)..#
[))...###.......).#
.....)#........)..##
......'..............).
......#.........#######
..........)########
.......###.g..(.@<#
..##+#.# ########## ..
... . .#.# #.#. . #.


You could see Ijyb.

Vanquished Creatures
  Sigmund (D:4)
  Eustachio (D:4)
  An ogre (D:4)
  A centaur (D:5)
  2 scorpions (D:4)
  4 orc priests
  8 orc wizards
  3 centaur skeletons (D:4)
  Jessica (D:3)
  An iguana (D:4)
  2 worker ants
  A worker ant zombie (D:5)
  3 gnolls
  6 adders
  A shadow imp (D:5)
  An adder skeleton (D:4)
  3 worms (D:3)
  4 dart slugs
  3 leopard geckos
  26 orcs
  2 ball pythons
  3 bats
  4 giant cockroaches
  4 goblins
  6 hobgoblins
  8 jackals
  2 quokkas
  3 frilled lizards
  12 kobolds
  A quokka zombie (D:5)
  8 rats
126 creatures vanquished.

Vanquished Creatures (others)
  A ball python (D:2)
  A frilled lizard (D:2)
2 creatures vanquished.

Grand Total: 128 creatures vanquished

Notes
Turn   | Place    | Note
-------+----------+-------------------------------------------
     0 | D:1      | nikopol the Deep Elf Fire Elementalist began the quest for the Orb.
     0 | D:1      | Reached XP level 1. HP: 10/10 MP: 6/6
   438 | D:1      | Reached XP level 2. HP: 15/15 MP: 0/8
   815 | D:2      | Learned a level 2 spell: Throw Flame
   828 | D:2      | Reached XP level 3. HP: 19/19 MP: 7/10
   830 | D:2      | Found a radiant altar of Vehumet.
   845 | D:2      | Became a worshipper of Vehumet
   889 | D:2      | Found a sparkling altar of Nemelex Xobeh.
  1402 | D:2      | Reached skill level 4 in Spellcasting
  1564 | D:3      | Found a stormy altar of Qazlal.
  1711 | D:3      | Found a faded altar of an unknown god.
  2155 | D:3      | Reached XP level 4. HP: 6/24 MP: 2/12
  2461 | D:3      | Found a shadowy altar of Dithmenos.
  2576 | D:3      | Noticed Jessica
  2612 | D:3      | Learned a level 3 spell: Conjure Flame
  2637 | D:3      | Killed Jessica
  2637 | D:3      | Reached XP level 5. HP: 28/28 MP: 0/14
  2751 | D:3      | Identified Jessica's Tome of Protection
  2865 | D:3      | Reached skill level 1 in Armour
  2908 | D:3      | Reached * piety under Vehumet
  2908 | D:3      | Offered knowledge of Sandblast by Vehumet.
  3558 | D:4      | Found a snail-covered altar of Cheibriados.
  3567 | D:4      | Reached skill level 5 in Spellcasting
  3833 | D:4      | Noticed Eustachio
  3845 | D:4      | Killed Eustachio
  3845 | D:4      | Reached skill level 5 in Fire Magic
  3845 | D:4      | Reached XP level 6. HP: 32/32 MP: 2/16
  4060 | D:4      | Reached skill level 6 in Spellcasting
  4105 | D:4      | Reached XP level 7. HP: 36/36 MP: 11/18
  4314 | D:4      | Reached ** piety under Vehumet
  4314 | D:4      | Offered knowledge of Throw Frost by Vehumet.
  4318 | D:4      | Learned a level 2 spell: Throw Frost
  4324 | D:4      | Learned a level 5 spell: Fireball
  4334 | D:4      | Found a glowing golden altar of the Shining One.
  4530 | D:4      | Noticed Sigmund
  4535 | D:4      | Killed Sigmund
  4612 | D:4      | Reached skill level 7 in Spellcasting
  4749 | D:4      | Found a snail-covered altar of Cheibriados.
  4906 | D:5      | Entered Level 5 of the Dungeon
  4984 | D:4      | Reached skill level 5 in Dodging
  4984 | D:4      | Reached XP level 8. HP: 41/41 MP: 7/20
  5916 | D:4      | Offered knowledge of Searing Ray by Vehumet.
  5925 | D:4      | Learned a level 2 spell: Searing Ray
  6172 | D:5      | Reached *** piety under Vehumet
  6187 | D:5      | Noticed Ijyb
  6307 | D:5      | Killed from afar by Ijyb

Vault maps used:
D:1:      elethiomel_arrival_shortcut, minmay_splitting_lines
D:2:      fiery_altar_vehumet, nemelex_altar_shiori
D:3:      nicolae_overflow_crystal_walls, nicolae_qazlal_general_emergency,
          chequers_ecumenical_altar_lobes, minivault_25,
          kennysheep_jessica_study
D:4:      old_standard_altar, tso_metal_star, cheibriados_altar_1, uniq_sigmund,
          uniq_eustachio
D:5:      kennysheep_mini_moat, yredelemnul_forgotten_temple_becter,
          lemuel_blue_sif_altar, first_bread, gup_sewer_entry_bubbles, uniq_iyjb

Skill      XL: |  1  2  3  4  5  6  7 |
---------------+----------------------+-----
Dodging        | 3 4 5 |  5.5
Spellcasting   | 4 5 6 7 |  7.9
Fire Magic     | 4 5 6 |  6.8
Conjurations   | 2 3 |  3.5
Armour         | 1 2 |  2.6
Stealth        | |  2.7

Action                   |  1- 3 |  4- 6 |  7- 9 || total
-------------------------+-------+-------+-------++-------
 Cast: Flame Tongue      |    73 |    93 |    87 ||   253
       Throw Flame       |     4 |    16 |    44 ||    64
       Conjure Flame     |       |     2 |     4 ||     6
       Fireball          |       |       |     3 ||     3
  Use: Scroll            |     3 |       |     6 ||     9
  Eat: Chunk             |     4 |     6 |     7 ||    17
Armor: Robe              |     6 |     2 |     5 ||    13
Dodge: Dodged            |    21 |    21 |    26 ||    68
